 Dungeon Crawl Stone Soup version 0.29-a0-925-g0a7a3d12f8 (webtiles) character file.

Game seed: 6996052063058976842

764 Garessta the Caller (level 7, 0/41 HPs)
             Began as an Octopode Summoner on July 29, 2022.
             Killed from afar by Ijyb (15 damage)
             ... with a bolt of acid
             ... on level 4 of the Dungeon.
             The game lasted 00:10:13 (5013 turns).

Garessta the Caller (Octopode Summoner)             Turns: 5013, Time: 00:10:13

Health: 0/41       AC:  1    Str:  7    XL:     7   Next: 81%
Magic:  18/23      EV: 17    Int: 19    God:
Gold:   188        SH:  0    Dex: 13    Spells: 3/16 levels left

rFire   . . .      SeeInvis .   l - staff of air
rCold   . . .      Faith    .   (no shield)
rNeg    . . .      Spirit   .   (helmet restricted)
rPois   .          Reflect  .   (no amulet)
rElec   +          Harm     .   h - ring of magical power
rCorr   .          Rampage  .   q - +4 ring of evasion
Will    .....                   r - +4 ring of protection
Stlth   +++.......              (no ring)
HPRegen 0.13/turn               (no ring)
MPRegen 0.18/turn               (no ring)
                                (no ring)
                                (no ring)

@: corroded
A: almost no armour, amphibious, 8 rings, camouflage 1, gelatinous body 1,
(nimble swimmer 1), tentacles
a: no special abilities


You were on level 4 of the Dungeon.
You visited 1 branch of the dungeon, and saw 4 of its levels.

You collected 188 gold pieces.

Inventory:

Missiles
 j - 16 boomerangs
 t - 5 poisoned darts
Magical Staves
 l - a staff of air (weapon)
Jewellery
 h - a ring of magical power (left tentacle)
 q - a +4 ring of evasion (right tentacle)
 r - a +4 ring of protection (on tentacle)
Wands
 u - a wand of mindburst (15)
Scrolls
 d - 2 scrolls of identify {unknown}
 f - 2 scrolls of teleportation {unknown}
 g - a scroll of fog {unknown}
 i - 2 scrolls of torment {unknown}
 m - a scroll of immolation {unknown}
 n - a scroll of noise {unknown}
 s - a scroll of magic mapping {unknown}
Potions
 a - 2 potions of magic
 b - 3 potions of resistance {unknown}
 c - a potion of curing {unknown}
 e - a potion of berserk rage {unknown}
 k - a potion of attraction {unknown}
 o - a potion of might {unknown}
 p - a potion of mutation {unknown}
 v - a potion of degeneration {unknown}


   Skills:
 - Level 2.0 Dodging
 - Level 2.6 Stealth
 + Level 5.0 Spellcasting
 - Level 3.6 Hexes
 + Level 6.4 Summonings
 + Level 1.4 Air Magic


You had 3 spell levels left.
You knew the following spells:

 Your Spells              Type           Power      Damage    Failure   Level
a - Call Canine Familiar  Summ           29%        N/A       2%          3
b - Summon Guardian Gole  Hex/Summ       24%        N/A       4%          3
c - Summon Lightning Spi  Summ/Air       29%        N/A       24%         4
d - Call Imp              Summ           29%        N/A       1%          2
e - Summon Small Mammal   Summ           100%       N/A       1%          1

Your spell library contained the following spells:

 Spells                   Type           Power      Damage    Failure   Level
 Static Discharge         Conj/Air       11%        3-5/arc   14%         2
 Sublimation of Blood     Necr           4%         N/A       19%         2
 Wereblood                Tmut           4%         N/A       19%         2
 Dispel Undead            Necr           4%         3d7       77%         4
 Sticky Flame             Conj/Fire      4%         2d3       77%         4
 Orb of Destruction       Conj           2%         9d5       100%        7
 Spellforged Servitor     Conj/Summ      8%         N/A       100%        7
 Summon Hydra             Summ           14%        N/A       100%        7


Dungeon Overview and Level Annotations

Branches:
Dungeon (4/15)
 Temple: D:4-7

Altars:

Annotations:
D:4 Ijyb


Innate Abilities, Weirdness & Mutations

You cannot wear most types of armour.
You are amphibious.
You can wear up to eight rings at the same time.
Your skin changes colour to match your surroundings (Stealth+).
Your rubbery body absorbs attacks. (AC +1, EV +1)
((You are camouflaged when in or above water. (Stealth+)))
You have tentacles for arms and can constrict up to eight enemies at once.


Message History

Your hound dies!
Your hound's corpse disappears in a puff of smoke!
The fiery explosion engulfs the scorpion!!
The scorpion dies!
Your Air Magic skill increases to level 1!
Things that are here:
a +0 dagger; a +0 robe; an orc corpse
There is an open door here.
Found a stone staircase leading down.
Okay, then.
There is a stone staircase leading down here.
A hound comes into view.
Your hound bites the hound!
The hound closely misses your hound.
Your hound bites the hound.
The hound barely misses your hound.
Your hound bites the hound.
The hound dies!
Your Spellcasting skill increases to level 5!
j - 16 boomerangs (gained 2) Ijyb the Twisted Goblin comes into view.
She is wielding a +0 club and carrying a wand of acid (10).
Found 15 gold pieces.
Your hound bites Ijyb.
Ijyb shouts!
Ijyb closely misses your hound.
Your hound closely misses Ijyb.
Ijyb barely misses your hound.
Your hound closely misses Ijyb.
Your hound bites Ijyb.
Ijyb zaps a wand.
The bolt of acid hits your hound! The bolt of acid hits you!
The acid corrodes you!
A guardian golem appears, shielding your allies.
Your hound closely misses Ijyb.
Ijyb closely misses your hound.
Your hound bites Ijyb but does no damage.
Your hound bites Ijyb but does no damage.
Ijyb zaps a wand.
The bolt of acid hits your hound! The acid corrodes your hound!
Your hound dies!
Your hound's corpse disappears in a puff of smoke!
The bolt of acid hits you!
Your hound bites Ijyb.
Ijyb zaps a wand.
The bolt of acid hits your guardian golem.
The acid corrodes your guardian golem! The bolt of acid hits you!
You die...

######.....##.#
#..... #.....##.#
#..... ###..###.#
#..... ##.#
#.######## ...
####+#
#.###.##.....# ...
#..##.##...$.+....
##.##.##.....#...
#..#.##......#
##.#.##@..9g.#.###
#...##....h$....#
##..#####.###.#.
#.>#####.#...#
##.#.......#
#.#.###...# #
#.#.# #...###.#
#.#.# #.......#
#.#.###.......#


You could see Ijyb (ally target), a friendly guardian golem (summoned, corroded)
and a friendly hound (summoned, sheltered).

Vanquished Creatures
  An adder (D:3)
  A worm (D:2)
  A dart slug (D:1)
  3 orcs (D:3)
  3 endoplasms
  3 giant cockroaches
  2 goblins
  4 hobgoblins
  2 jackals (D:2)
  3 quokkas
  5 ball pythons
  5 bats
  4 frilled lizards
  2 kobolds
  3 rats
42 creatures vanquished.

Vanquished Creatures (collateral kills)
  A lemure (D:4)
  A hound (D:4)
  An orc priest (D:3)
  2 orc wizards (D:4)
  5 adders
  A dart slug (D:2)
  12 orcs
  3 ball pythons
  3 endoplasms
  2 giant cockroaches
  4 goblins
  2 hobgoblins
  2 jackals (D:2)
  6 kobolds
  3 bats
  2 frilled lizards
  A rat (D:3)
51 creatures vanquished.

Vanquished Creatures (others)
  Pikel (D:4)
  A lemure (D:4)
  A scorpion (D:4)
3 creatures vanquished.

Grand Total: 96 creatures vanquished

Notes
Turn   | Place    | Note
-------+----------+-------------------------------------------
     0 | D:1      | Garessta the Octopode Summoner began the quest for the Orb.
     0 | D:1      | Reached XP level 1. HP: 11/11 MP: 3/3
   174 | D:1      | Reached XP level 2. HP: 12/17 MP: 1/5
   276 | D:1      | Learned a level 2 spell: Call Imp
  1008 | D:1      | Reached XP level 3. HP: 21/21 MP: 3/6
  1255 | D:1      | Learned a level 3 spell: Call Canine Familiar
  2186 | D:2      | Reached XP level 4. HP: 26/27 MP: 8/8
  2238 | D:2      | Learned a level 3 spell: Summon Guardian Golem
  2974 | D:3      | You fall into a shaft and drop 1 floor!
  3236 | D:3      | Reached skill level 1 in Hexes
  3236 | D:3      | Reached skill level 5 in Summonings
  3236 | D:3      | Reached XP level 5. HP: 22/31 MP: 10/10
  3551 | D:3      | Found a faded altar of an unknown god.
  4344 | D:4      | Noticed a lemure
  4355 | D:4      | Noticed Pikel
  4360 | D:4      | Noticed a lemure
  4406 | D:4      | Killed a lemure
  4414 | D:4      | Killed a lemure
  4452 | D:4      | Killed Pikel
  4453 | D:4      | Reached skill level 6 in Summonings
  4453 | D:4      | Reached XP level 6. HP: 36/36 MP: 9/13
  4453 | D:4      | Reached XP level 7. HP: 41/41 MP: 9/14
  4458 | D:4      | Learned a level 4 spell: Summon Lightning Spire
  4907 | D:4      | Reached skill level 1 in Air Magic
  4983 | D:4      | Reached skill level 5 in Spellcasting
  5003 | D:4      | Noticed Ijyb
  5013 | D:4      | Killed from afar by Ijyb

Illustrated notes

Levels and vault maps discovered:
D:1:      minmay_arrival_open_corners, layout_loops_cross
D:2:      layout_loops_corners
D:3:      layout_basic, hellmonk_ecumenical_altar_run_dry,
          minmay_three_crescents
D:4:      layout_basic, uniq_ijyb, uniq_pikel

Skill      XL: |  1  2  3  4  5  6  7 |
---------------+----------------------+-----
Spellcasting   | 3 4 5 |  5.0
Hexes          | 1 3 |  3.6
Summonings     | 5 6 |  6.4
Air Magic      | 1 |  1.4
Dodging        | |  2.0
Stealth        | |  2.6

Action                   |  1- 3 |  4- 6 |  7- 9 || total
-------------------------+-------+-------+-------++-------
Melee: Unarmed           |    73 |       |       ||    73
       Constrict         |    18 |    15 |     1 ||    34
       Tentacles         |    16 |    10 |       ||    26
       Punch             |     1 |       |       ||     1
       Staff             |       |    38 |     1 ||    39
 Cast: Summon Small Mamm |     6 |       |       ||     6
       Call Imp          |    16 |     7 |       ||    23
       Call Canine Famil |       |    15 |     7 ||    22
       Summon Guardian G |       |     3 |     4 ||     7
 Stab: Sleeping          |     8 |     2 |       ||    10
Armor: Skin              |     9 |     3 |       ||    12
Dodge: Dodged            |    67 |    32 |     2 ||   101

Table legend: (Time is in decaauts)
 A = Elapsed time spent in this place.
 B = Non-inter-level travel time spent in this place.
 C = Inter-level travel time spent in this place.
 D = Time resting spent in this place.
 E = Time spent auto-exploring this place.
 F = Levels seen in this place.
 G = Mean time per level.
                   A        B        C        D        E       F      G
               +--------+--------+--------+--------+--------+-----+--------+
         Total |   5018 |   4946 |     72 |     22 |   4068 |   4 | 1254.5 |
       Dungeon |   5018 |   4946 |     72 |     22 |   4068 |   4 | 1254.5 |
               +--------+--------+--------+--------+--------+-----+--------+

Top non-repeatable levels by time:
     D:3: 1413 daAuts
     D:2: 1373 daAuts
     D:1: 1256 daAuts
     D:4: 976 daAuts
